 Dungeon Crawl Stone Soup version 0.15-a0-348-gfef1ba5 (webtiles) character file.

964 MDvedh the Slicer (level 7, -10/46 HPs)
             Began as a High Elf Fighter on May 2, 2014.
             Was a Believer of Zin.
             Mangled by Menkaure (15 damage)
             ... on Level 5 of the Dungeon.
             The game lasted 00:11:23 (5412 turns).

MDvedh the Slicer (High Elf Fighter)                Turns: 5412, Time: 00:11:24

HP -10/46        AC  7     Str 15      XL: 7   Next: 47%
MP  12/12        EV  5     Int 12      God: Zin [**....]
Gold 220         SH 18     Dex 17      Spells:  0 memorised,  6 levels left

rFire  . . .     SeeInvis .     a - +0 cutlass
rCold  . . .     Clarity  .     b - +0 scale mail
rNeg   + . .     Conserve .     c - +0 shield
rPois  .         rCorr    .     (no helmet)
rElec  .         rRot     .     (no cloak)
SustAb . .       Spirit   .     g - +0 pair of gloves
rMut   .         Warding  .     (no boots)
Saprov . . .     Stasis   .     (no amulet)
MR     .....                    e - ring of stealth
                                j - ring of positive energy

@: short of breath, not resistant to hostile enchantments, very unstealthy
A: no striking features
a: Recite, Vitalisation, Renounce Religion


You were on level 5 of the Dungeon.
You worshipped Zin.
Zin was pleased with you.
You were not hungry.

You visited 1 branch of the dungeon, and saw 5 of its levels.

You collected 244 gold pieces.
You donated 24 gold pieces.

Inventory:

Hand weapons
 a - a +0,+0 cutlass (weapon)
Armour
 b - a +0 scale mail (worn)
 c - a +0 shield (worn)
 g - a +0 pair of gloves (worn)
Comestibles
 d - 5 bread rations
 p - 2 meat rations
 q - a honeycomb
 s - a cheese
 v - an apple
Scrolls
 k - 2 scrolls of amnesia
 m - 2 scrolls of immolation
 n - 5 scrolls of identify
 o - a scroll of random uselessness {unknown}
 r - a scroll of teleportation
 t - a scroll of noise {unknown}
 u - 3 scrolls of remove curse
 w - 2 scrolls of fog
 y - a scroll of enchant weapon II
Jewellery
 e - a ring of stealth (right hand)
 j - a ring of positive energy (left hand)
Potions
 f - a potion of poison {unknown}
 h - a potion of restore abilities {unknown}
 l - a potion of haste {unknown}
 z - a potion of curing
Books
 x - a book of Annihilations {highlevel, unknown}

   This book is beyond your current level of understanding.

   Spells                             Type                      Level
   Poison Arrow                       Conjuration/Poison           6
   Chain Lightning                    Conjuration/Air              8
   Lehudib's Crystal Spear            Conjuration/Earth            8
   Glaciate                           Conjuration/Ice              9
   Fire Storm                         Conjuration/Fire             9


   Skills:
 - Level 3.0 Fighting
 + Level 10.2 Short Blades
 - Level 2.6 Armour
 - Level 2.6 Shields


You had 6 spell levels left.
You didn't know any spells.

Dungeon Overview and Level Annotations

Branches:
Dungeon (5/15)
 Temple: D:4-7

Altars:
Zin
The Shining One

Annotations:
D:5 Menkaure


Message History

You hit Menkaure.
Menkaure is moderately damaged. "...I bring ye salvation.
To the rest, ye squalid dregs..."
You block Menkaure's attack.
You barely miss Menkaure.
Menkaure is moderately damaged. "...and the contaminated, the name of Zin shall be thy damnation."
You finish reciting Ablutions 20:57.
You feel short of breath. Menkaure hits you!
* * * LOW HITPOINT WARNING * * *
You puncture Menkaure!
Menkaure is heavily damaged.
You block Menkaure's attack.
You hit Menkaure.
Menkaure is severely damaged.
You block Menkaure's attack.
You hit Menkaure but do no damage.
Menkaure is severely damaged.
Menkaure hits you!
You die...

...........................
######.#########...........
####.###### #........<..
#.........####...........M
#.........................
###.........####............
...........................
#################M####.....
# #...@....#..... ..
.................... ##
######............
#############


You could see Menkaure.

Vanquished Creatures
  Grinder (D:3)
  An ogre (D:5)
  A crimson imp (D:5)
  2 orc wizards
  4 orc priests
  A worker ant (D:4)
  A gnoll (D:3)
  6 adders
  A shadow imp (D:3)
  3 worms
  2 giant mites
  An orc zombie (D:5)
  4 giant geckos
  4 oozes
  An orc (D:4)
  4 bats
  A bat skeleton (D:4)
  6 giant cockroaches
  10 goblins
  6 hobgoblins
  6 jackals
  A kobold (D:2)
  A quokka (D:5)
  3 ball pythons
  6 giant newts
  A quokka skeleton (D:4)
  39 rats
  A rat zombie (D:3)
118 creatures vanquished.

Notes
Turn   | Place    | Note
--------------------------------------------------------------
     0 | D:1      | MDvedh, the High Elf Fighter, began the quest for the Orb.
     0 | D:1      | Reached XP level 1. HP: 16/16 MP: 2/2
   429 | D:1      | Reached XP level 2. HP: 14/21 MP: 3/3
   975 | D:1      | Reached skill level 4 in Short Blades
  1027 | D:2      | Reached XP level 3. HP: 22/26 MP: 5/5
  1806 | D:2      | Reached skill level 5 in Short Blades
  1884 | D:2      | Reached XP level 4. HP: 11/31 MP: 7/7
  2175 | D:3      | Noticed Grinder
  2176 | D:3      | Paralysed by Grinder for 5 turns
  2222 | D:3      | Killed Grinder
  2222 | D:3      | Reached skill level 7 in Short Blades
  2222 | D:3      | Reached XP level 5. HP: 23/36 MP: 8/8
  2222 | D:3      | Reached XP level 6. HP: 26/42 MP: 10/10
  2459 | D:3      | Reached skill level 8 in Short Blades
  3085 | D:3      | Found a glowing silver altar of Zin.
  3089 | D:3      | Became a worshipper of Zin the Law-Giver
  3089 | D:3      | Acquired Zin's first power
  3408 | D:3      | Reached skill level 9 in Short Blades
  3806 | D:4      | Acquired Zin's second power
  4389 | D:4      | Reached XP level 7. HP: 8/46 MP: 12/12
  4390 | D:4      | HP: 1/46 [orc priest/divine providence (7)]
  4662 | D:4      | Found a glowing golden altar of the Shining One.
  4724 | D:5      | Entered Level 5 of the Dungeon
  4964 | D:5      | HP: 1/46 [ogre/giant spiked club (25)]
  4966 | D:5      | Reached skill level 10 in Short Blades
  5352 | D:5      | Noticed Menkaure
  5412 | D:5      | Mangled by Menkaure

Action                   |  1- 3 |  4- 6 |  7- 9 || total
-------------------------+-------+-------+-------++-------
Melee: Cutlass           |   160 |   308 |   117 ||   585
Invok: Recite            |       |     4 |     4 ||     8
  Use: Scroll            |     4 |     5 |       ||     9
       Potion            |     3 |     8 |     2 ||    13
